[Event "Titled Tuesday Blitz December 06 Late 2022"]
[White "Ankerst, Mihael"]
[Black "Goroshkov, Maksym"]
[WhiteFideId "14602369"]
[BlackFideId "14142716"]
[WhiteElo "2380"]
[BlackElo "2258"]
[Result "0-1"]
[Round "07"]
[TimeControl "180+1"]
[Date "2022.12.07"]
[WhiteClock "0:00:01"]
[BlackClock "0:00:48"]

1. e4 e5 2. Nf3 d6 3. Nc3 Nf6 4. d4 exd4 5. Nxd4 Be7 6. Bf4 O-O 7. Qd2 Nc6 8. O-O-O Nxd4 9. Qxd4 Be6 10. Be2 a6 11. g4 Nxg4 12. f3 Bf6 13. Qg1 Ne5 14. Nd5 Bxd5 15. Rxd5 c6 16. Rd2 Qe7 17. Be3 Rad8 18. f4 Ng6 19. Bd3 Qe6 20. Kb1 Rfe8 21. Rg2 c5 22. e5 dxe5 23. f5 Qb6 24. fxg6 hxg6 25. Bc4 e4 26. b3 Qa5 27. Qe1 Rd1+ 28. Qxd1 Qc3 29. Bxf7+ Kxf7 30. Qd5+ Re6 31. Qd7+ Re7 32. Qd5+ Kf8 33. Kc1 Qa1+ 34. Kd2 Qxh1 35. Rf2 Ke8 36. Qxc5 Rd7+ 37. Bd4 Rxd4+ 38. Qxd4 Bxd4 0-1


[Site "https://www.chess.com"]

[Event "Titled Tuesday Blitz December 06 Late 2022"]
[White "Antonio, Jorge Carlos"]
[Black "Bryant, Todd"]
[WhiteFideId "113190"]
[BlackFideId "2031299"]
[WhiteElo "2247"]
[BlackElo "2316"]
[Result "0-1"]
[Round "07"]
[TimeControl "180+1"]
[Date "2022.12.07"]
[WhiteClock "0:00:14"]
[BlackClock "0:00:05"]

1. d4 Nf6 2. Nf3 g6 3. c4 Bg7 4. Nc3 O-O 5. e4 d6 6. Be2 e5 7. O-O Nc6 8. d5 Ne7 9. Ne1 Nd7 10. f3 f5 11. Be3 f4 12. Bf2 g5 13. Rc1 Rf7 14. c5 Nxc5 15. b4 Na6 16. Nb5 Ng6 17. Nxa7 Bd7 18. a3 Bf8 19. Nb5 Rg7 20. Qc2 Bc8 21. Kh1 h5 22. Nd3 g4 23. Qd1 g3 24. hxg3 fxg3 25. Bxg3 Nh4 26. Bh2 Nxg2 27. Rg1 Nh4 28. Qf1 Ng6 29. Qf2 Qf6 30. f4 exf4 31. Nxf4 Nxf4 32. Qxf4 Qxf4 33. Bxf4 Bg4 34. Bxg4 hxg4 35. Nd4 Re8 36. Ne6 Rh7+ 37. Kg2 c6 38. Ng5 Rg7 39. Kg3 Be7 40. Ne6 Rg6 41. Rh1 cxd5 42. exd5 Bf6 43. Rh6 Rxh6 44. Bxh6 Bb2 45. Rf1 Bxa3 46. Kxg4 Bxb4 47. Kf5 Nc5 48. Rg1+ Kh7 49. Bg5 Nxe6 50. dxe6 Bc5 51. Bf6 Bxg1 52. e7 b5 53. Ke6 Bc5 54. Kd7 Rxe7+ 55. Bxe7 b4 56. Bf6 Kg6 57. Bb2 Kf5 58. Kc6 Ke4 59. Kb5 Kd3 60. Bf6 Kc2 61. Kc4 b3 62. Bg7 b2 0-1


[Site "https://www.chess.com"]

[Event "Titled Tuesday Blitz December 06 Late 2022"]
[White "Arnold, Ken"]
[Black "Savic, Miroslav"]
[WhiteFideId "2056836"]
[BlackFideId "14508494"]
[WhiteElo "2411"]
[BlackElo "2209"]
[Result "0-1"]
[Round "07"]
[TimeControl "180+1"]
[Date "2022.12.07"]
[WhiteClock "0:01:34"]
[BlackClock "0:01:27"]

1. d4 Nf6 2. c4 e6 3. Nf3 Bb4+ 4. Nbd2 a5 5. a3 Bxd2+ 6. Qxd2 O-O 7. e3 b6 8. Be2 Bb7 9. O-O Ne4 10. Qc2 f5 11. b3 d6 12. Bb2 Nd7 13. b4 Ndf6 14. Nd2 Nxd2 15. Qxd2 Ne4 16. Qc1 axb4 17. axb4 Rxa1 18. Bxa1 Qg5 19. f3 Nf6 20. Qc3 Ra8 21. Bb2 h5 22. Ra1 Rxa1+ 23. Bxa1 h4 24. Bf1 Bxf3 25. c5 Bxg2 26. cxd6 Bd5+ 0-1


[Site "https://www.chess.com"]

[Event "Titled Tuesday Blitz December 06 Late 2022"]
[White "Baches Garcia, Guillermo"]
[Black "Gatterer, Florian"]
[WhiteFideId "2209764"]
[BlackFideId "811688"]
[WhiteElo "2457"]
[BlackElo "2218"]
[Result "1/2-1/2"]
[Round "07"]
[TimeControl "180+1"]
[Date "2022.12.07"]
[WhiteClock "0:00:04"]
[BlackClock "0:00:17"]

1. e4 c6 2. d4 d5 3. e5 Bf5 4. Be3 e6 5. Nd2 Nd7 6. Be2 f6 7. f4 g5 8. Ngf3 g4 9. Nh4 h5 10. Nxf5 exf5 11. Bd3 Nh6 12. Qe2 Be7 13. Bf2 O-O 14. h3 fxe5 15. dxe5 Bc5 16. O-O-O Kg7 17. hxg4 Nxg4 18. Bxc5 Nxc5 19. Rxh5 Ne6 20. g3 Qa5 21. Kb1 Nd4 22. Qg2 Rh8 23. Rg5+ Kf7 24. Bxf5 Rh2 25. Qg1 Rxd2 26. Rxg4 Rxd1+ 27. Qxd1 Nxf5 28. Rg5 Ne7 29. Qh5+ Ke6 30. c3 Qb5 31. Qh6+ Kd7 32. Qd6+ Ke8 33. Rg7 Qd3+ 34. Kc1 Qf1+ 35. Kc2 Qe2+ 36. Kc1 Qe1+ 37. Kc2 Qe2+ 38. Kb3 Qc4+ 39. Ka3 Qa6+ 40. Kb3 Qc4+ 41. Kc2 Qe2+ 1/2-1/2


[Site "https://www.chess.com"]

[Event "Titled Tuesday Blitz December 06 Late 2022"]
[White "Bogaudinov, Rushan"]
[Black "Sattarov, Bobir"]
[WhiteFideId "4129288"]
[BlackFideId "14203081"]
[WhiteElo "2028"]
[BlackElo "2358"]
[Result "0-1"]
[Round "07"]
[TimeControl "180+1"]
[Date "2022.12.07"]
[WhiteClock "0:00:14"]
[BlackClock "0:00:11"]

1. a3 a5 2. d4 d5 3. g3 Nf6 4. Bg2 h5 5. Nf3 Nc6 6. Nc3 Bf5 7. Bf4 e6 8. Nb5 Bd6 9. Nxd6+ cxd6 10. c3 a4 11. Nh4 Be4 12. f3 Bh7 13. Bg5 Qb6 14. Bxf6 gxf6 15. Qd2 Na5 16. Rd1 Nc4 17. Qh6 Ke7 18. Qc1 Nxb2 19. Rd2 Nc4 20. Ra2 e5 21. O-O exd4 22. Kh1 Rac8 23. cxd4 Qxd4 24. e3 Qc5 25. Qe1 Kf8 26. Bh3 Re8 27. Re2 Bd3 28. Rff2 Bxe2 29. Rxe2 Rxe3 30. Nf5 Re5 31. f4 Re4 32. Bg2 Kg8 33. Bxe4 dxe4 34. Rxe4 Qxf5 35. Rxc4 Kg7 36. Qe4 Qg4 37. Kg2 h4 38. Qf3 Qe6 39. Re4 Qa2+ 40. Re2 Qb1 41. f5 hxg3 42. Qg4+ Kf8 43. hxg3 Qh1+ 44. Kf2 Rh2+ 45. Ke3 Qc1+ 46. Kf3 Qf1+ 47. Ke3 Rxe2+ 48. Qxe2 Qxe2+ 49. Kxe2 Ke7 50. Kd3 d5 51. Kc3 Kd6 52. Kd4 b6 53. g4 b5 54. Kc3 Kc5 55. Kd3 d4 56. Ke4 Kc4 57. g5 fxg5 58. Ke5 d3 59. Kf6 d2 60. Kxf7 d1=Q 61. Kg7 Qd4+ 62. f6 Qxf6+ 63. Kxf6 g4 64. Kf5 g3 65. Kf4 g2 66. Ke3 g1=Q+ 67. Kd2 Qa1 68. Kc2 Qxa3 69. Kb1 Qb3+ 70. Ka1 Qc3+ 71. Kb1 Qd2 72. Ka1 Kb3 0-1


[Site "https://www.chess.com"]

[Event "Titled Tuesday Blitz December 06 Late 2022"]
[White "Bongo Akanga Ndjila, Barthelemy"]
[Black "Pham, Le Thao Nguyen"]
[WhiteFideId "10609431"]
[BlackFideId "12401226"]
[WhiteElo "1768"]
[BlackElo "2282"]
[Result "1-0"]
[Round "07"]
[TimeControl "180+1"]
[Date "2022.12.07"]
[WhiteClock "0:00:22"]
[BlackClock "0:00:29"]

1. d4 Nf6 2. c4 g6 3. Nc3 Bg7 4. e4 O-O 5. Be2 d6 6. Nf3 Re8 7. O-O Nc6 8. d5 Ne5 9. Nxe5 dxe5 10. c5 e6 11. Bc4 exd5 12. exd5 b6 13. b4 a5 14. cxb6 cxb6 15. b5 Bb7 16. Qb3 Nd7 17. Ba3 e4 18. Rad1 Ne5 19. d6 Qd7 20. Bd5 Bxd5 21. Nxd5 Qb7 22. Nc7 h5 23. Rd5 Nd7 24. Rfd1 Bh6 25. Nxa8 Qxa8 26. Bc1 Bg7 27. Be3 Kh7 28. R5d2 Kg8 29. Rc1 Qd8 30. Rc7 Be5 31. Qd5 Re6 32. Rc6 Qh4 33. g3 Qh3 34. Rc8+ Kh7 35. Bd4 Rf6 36. Bxe5 Nxe5 37. Qxe5 Qxc8 38. Qxf6 Qc1+ 39. Kg2 Qxd2 40. Qxf7+ Kh6 41. d7 e3 42. Qf8+ Kh7 43. d8=Q 1-0


[Site "https://www.chess.com"]

[Event "Titled Tuesday Blitz December 06 Late 2022"]
[White "Boyer, Mahel"]
[Black "Pham, Khoi"]
[WhiteFideId "45102422"]
[BlackFideId "1054988"]
[WhiteElo "2455"]
[BlackElo "2508"]
[Result "1-0"]
[Round "07"]
[TimeControl "180+1"]
[Date "2022.12.07"]
[WhiteClock "0:02:05"]
[BlackClock "0:01:20"]

1. e4 e6 2. Nf3 d5 3. exd5 exd5 4. c4 dxc4 5. Bxc4 Nf6 6. O-O Be7 7. Nc3 O-O 8. d4 Bg4 9. h3 Bh5 10. g4 Bg6 11. Ne5 Nbd7 12. f4 Ne4 13. Nxg6 Nxc3 14. Nxe7+ Qxe7 15. bxc3 Qh4 16. Qf3 Nb6 17. Bb3 Rfe8 18. Be3 Re7 19. Bf2 Qf6 20. Rae1 Rae8 21. Re5 Rxe5 22. dxe5 Rxe5 23. Bd4 1-0


[Site "https://www.chess.com"]

[Event "Titled Tuesday Blitz December 06 Late 2022"]
[White "Burke, Paul"]
[Black "Szyszylo, Rafal"]
[WhiteFideId "2605767"]
[BlackFideId "1109626"]
[WhiteElo "1889"]
[BlackElo "1981"]
[Result "0-1"]
[Round "07"]
[TimeControl "180+1"]
[Date "2022.12.07"]
[WhiteClock "0:00:32"]
[BlackClock "0:00:22"]

1. e4 d6 2. Nc3 Nf6 3. g3 g6 4. Bg2 Bg7 5. Nge2 O-O 6. h3 e5 7. O-O Nc6 8. d3 a6 9. f4 h6 10. f5 b5 11. a3 Rb8 12. g4 Nh7 13. Nd5 Nd4 14. c3 Nxe2+ 15. Qxe2 c6 16. Ne3 Bf6 17. Bd2 Bg5 18. fxg6 fxg6 19. Rxf8+ Qxf8 20. Rf1 Qe7 21. Nc2 Be6 22. Ne1 Rf8 23. Rxf8+ Qxf8 24. Nf3 Bf4 25. Bxf4 Qxf4 26. Qd2 g5 27. Qxf4 gxf4 28. d4 Ng5 29. dxe5 Nxf3+ 30. Bxf3 dxe5 31. Kf2 Kf8 32. Ke2 Ke7 33. Kd2 Kd6 34. Be2 a5 35. b4 axb4 36. cxb4 Bd7 37. Bf3 c5 38. bxc5+ Kxc5 39. Kc3 Be6 40. Be2 Ba2 41. Bf3 Bc4 42. Bg2 Be2 43. Kd2 f3 44. Bh1 Kd4 0-1


[Site "https://www.chess.com"]

[Event "Titled Tuesday Blitz December 06 Late 2022"]
[White "Calcada, Lucas Galvan"]
[Black "Pein, Jonathan"]
[WhiteFideId "22746099"]
[BlackFideId "417092"]
[WhiteElo "1523"]
[BlackElo "2225"]
[Result "1/2-1/2"]
[Round "07"]
[TimeControl "180+1"]
[Date "2022.12.07"]
[WhiteClock "0:00:04"]
[BlackClock "0:00:04"]

1. e4 c6 2. d4 d5 3. e5 Bf5 4. Nf3 Nd7 5. Bd3 Bxd3 6. Qxd3 e6 7. O-O c5 8. c3 Ne7 9. Na3 Nf5 10. Nc2 Rc8 11. Re1 Be7 12. h3 Qb6 13. Ne3 Nxe3 14. Bxe3 O-O 15. Qd2 cxd4 16. Bxd4 Bc5 17. Rad1 Qa6 18. a3 Qa4 19. Qf4 Rc7 20. Kh2 Rfc8 21. Ng5 Nf8 22. h4 Ng6 23. Qg3 Ne7 24. Qd3 g6 25. h5 Bxd4 26. cxd4 Qc2 27. hxg6 fxg6 28. Nxe6 Qxd3 29. Rxd3 Rc2 30. Rb3 b6 31. Kg1 Nf5 32. Nf4 Nxd4 33. Rd3 Nf5 34. Nxd5 Kf7 35. Nf6 Re8 36. Nxe8 Kxe8 37. b4 Ke7 38. g4 Ng7 39. Rh3 h5 40. gxh5 Nxh5 41. Rd3 Nf4 42. Rf3 g5 43. Kh2 g4 44. Rxf4 Ke6 45. Rxg4 Rxf2+ 46. Kg3 Rc2 47. Rg6+ Kf7 48. Rf6+ Ke7 49. Rh6 Rc3+ 50. Kf4 Rxa3 51. Kf5 Rf3+ 52. Ke4 Rb3 53. Rh7+ Ke6 54. Reh1 Rxb4+ 55. Kd3 Kxe5 56. Rxa7 Rb3+ 57. Kc2 Rg3 58. Rb7 Rg6 59. Rb1 Rc6+ 60. Kd2 Rd6+ 61. Ke2 Ke4 62. R7xb6 Rd8 63. Rb7 Rh8 64. R7b4+ Kd5 65. R1b3 Rh2+ 66. Kd3 Rh3+ 67. Kc2 Rh2+ 68. Kc3 Rh3+ 69. Kb2 Rh2+ 70. Ka3 Kc5 71. Rc3+ Kd5 72. Rc8 Rh3+ 73. Ka4 Rh1 74. Rb2 Ra1+ 75. Kb3 Ke6 76. Rd2 Rb1+ 77. Kc2 Rb7 78. Rc3 Ke5 79. Re3+ Kf4 80. Re8 Rc7+ 81. Kd1 Kf3 82. Rd5 Rf7 83. Rd2 Rf6 84. Rd3+ Kf2 85. Kd2 Kg2 86. Kc2 Rc6+ 87. Rc3 Rd6 88. Re2+ Kf1 89. Rd2 Rb6 90. Kd3 Rd6+ 91. Ke3 Re6+ 92. Kf3 Rf6+ 93. Ke4 Re6+ 94. Kf5 Re1 95. Rcc2 Kg1 96. Rg2+ Kh1 97. Kg4 Re4+ 98. Kf3 Rf4+ 99. Ke3 Re4+ 100. Kf2 Rf4+ 101. Kg3 Rg4+ 102. Kh3 Rxg2 103. Rxg2 1/2-1/2


[Site "https://www.chess.com"]

[Event "Titled Tuesday Blitz December 06 Late 2022"]
[White "Castellanos Gomez, Alejandro"]
[Black "Kovacevic, Radmila"]
[WhiteFideId "22284141"]
[BlackFideId "933171"]
[WhiteElo "2168"]
[BlackElo "2244"]
[Result "0-1"]
[Round "07"]
[TimeControl "180+1"]
[Date "2022.12.07"]
[WhiteClock "0:00:01"]
[BlackClock "0:00:44"]

1. d4 e5 2. dxe5 Nc6 3. Nf3 Qe7 4. Nc3 Nxe5 5. Nd5 Nxf3+ 6. gxf3 Qd8 7. Qd4 d6 8. Rg1 c6 9. Qe3+ Ne7 10. Nxe7 Bxe7 11. Rxg7 Be6 12. Bd2 Bf6 13. Rg1 Bxb2 14. Rb1 Qf6 15. c3 Ba3 16. Rxb7 Bc5 17. Qe4 d5 18. Qa4 Bd7 19. Rxd7 Kxd7 20. Bh3+ Kc7 21. Bf4+ Kb7 22. Kd2 Rhg8 23. Rb1+ Bb6 24. Bd7 Rad8 25. Bg4 d4 26. c4 Qxf4+ 27. Ke1 d3 28. e3 d2+ 29. Kf1 Qxh2 30. c5 Qh1+ 31. Ke2 Qxb1 32. cxb6 d1=Q+ 0-1


[Site "https://www.chess.com"]

[Event "Titled Tuesday Blitz December 06 Late 2022"]
[White "Chigaev, Maksim"]
[Black "Kleiman, Jake"]
[WhiteFideId "4108116"]
[BlackFideId "2020041"]
[WhiteElo "2542"]
[BlackElo "2616"]
[Result "1-0"]
[Round "07"]
[TimeControl "180+1"]
[Date "2022.12.06"]
[WhiteClock "0:01:19"]
[BlackClock "0:00:48"]

1. c4 e6 2. g3 d5 3. Bg2 Nf6 4. Nf3 dxc4 5. O-O Nc6 6. Qa4 Bd7 7. Qxc4 Bd6 8. d4 O-O 9. Nc3 h6 10. e4 e5 11. d5 Ne7 12. Rd1 Ng6 13. h3 a6 14. Be3 Nh7 15. a4 f5 16. exf5 Bxf5 17. Ne4 Kh8 18. Nc5 Qc8 19. Ne6 Re8 20. Nd2 Ngf8 21. Nxf8 Rxf8 22. g4 Bg6 23. Ne4 Qd8 24. Nc5 Bxc5 25. Qxc5 Rf6 26. Rac1 Rc8 27. d6 c6 28. Qxe5 Qd7 29. Qe7 Rd8 30. Bb6 Rxd6 31. Qxd8+ 1-0


[Site "https://www.chess.com"]

[Event "Titled Tuesday Blitz December 06 Late 2022"]
[White "Christiansen, Johan-Sebastian"]
[Black "Kollars, Dmitrij"]
[WhiteFideId "1512668"]
[BlackFideId "12909572"]
[WhiteElo "2501"]
[BlackElo "2584"]
[Result "0-1"]
[Round "07"]
[TimeControl "180+1"]
[Date "2022.12.06"]
[WhiteClock "0:00:10"]
[BlackClock "0:00:21"]

1. e4 e5 2. Nf3 Nc6 3. Nc3 Nf6 4. d4 exd4 5. Nd5 Nb4 6. Nxf6+ Qxf6 7. Bc4 Bc5 8. O-O O-O 9. Bg5 Qg6 10. Bh4 d6 11. a3 Nc6 12. b4 Bb6 13. Re1 Bg4 14. Be2 Rfe8 15. h3 Bxh3 16. Ng5 Be6 17. f4 d3+ 18. Kh2 dxe2 19. Qxe2 Nd4 20. Qd3 Qh5 21. g3 h6 22. Nxe6 Nf3+ 23. Kg2 Nxe1+ 24. Rxe1 fxe6 25. c4 g5 26. fxg5 hxg5 27. Rh1 Rf8 28. c5 dxc5 29. Qc4 Qf3+ 30. Kh2 Qf2+ 31. Kh3 g4+ 32. Kxg4 Qf3+ 33. Kg5 cxb4 34. Qxe6+ Qf7 35. Qg6+ Qxg6+ 36. Kxg6 Bd4 37. e5 Bxe5 38. Re1 Rae8 39. axb4 Re6+ 40. Kh5 a6 41. Re4 Rfe8 42. Rc4 c6 43. g4 Bg7 44. g5 Re5 45. Rc2 Re2 46. Rc1 Rh2 47. Rc4 Rd8 48. Kg6 Rd6+ 49. Kf5 Rd5+ 50. Kg6 Rd6+ 51. Kf5 Rd4 52. Rc1 Rhxh4 53. Re1 Rhf4+ 54. Kg6 Rd6+ 55. Kh5 Kf8 56. Rb1 b6 57. Ra1 Rxb4 58. Rxa6 Rd8 59. Ra7 Kg8 60. Kg6 Bh8 61. Kh6 c5 62. Rc7 Rh4+ 63. Kg6 Rhd4 64. Kh6 R4d6+ 65. g6 R6d7 66. Rc6 Bg7+ 67. Kh5 Rd5+ 68. Kg4 Rd4+ 69. Kf5 R8d5+ 70. Ke6 Re5# 0-1


[Site "https://www.chess.com"]

[Event "Titled Tuesday Blitz December 06 Late 2022"]
[White "Clawitter, Craig"]
[Black "Sanchez, Robert"]
[WhiteFideId "2023105"]
[BlackFideId "2034360"]
[WhiteElo "2191"]
[BlackElo "2314"]
[Result "1-0"]
[Round "07"]
[TimeControl "180+1"]
[Date "2022.12.07"]
[WhiteClock "0:00:02"]
[BlackClock "0:00:12"]

1. e4 d5 2. exd5 Qxd5 3. Nc3 Qe6+ 4. Be2 Qg6 5. Nf3 Qxg2 6. Rg1 Qh3 7. d4 c6 8. Bc4 e6 9. Bf4 h6 10. Qe2 Nf6 11. O-O-O a5 12. Ne5 b5 13. Nxb5 cxb5 14. Bxb5+ Nbd7 15. d5 Qf5 16. Bg3 Bc5 17. Nxf7 Kxf7 18. dxe6+ Kg8 19. exd7 Bxd7 20. Bxd7 Nxd7 21. Qc4+ Kh7 22. Rxd7 Qxd7 23. Qxc5 Rhc8 24. Qa3 Qf5 25. c3 Kh8 26. Qe7 Re8 27. Qb7 Rab8 28. Bxb8 Qxf2 29. Qxg7# 1-0


[Site "https://www.chess.com"]

[Event "Titled Tuesday Blitz December 06 Late 2022"]
[White "Corrales Jimenez, Fidel"]
[Black "Jarmula, Lukasz"]
[WhiteFideId "3506690"]
[BlackFideId "1160664"]
[WhiteElo "2541"]
[BlackElo "2357"]
[Result "0-1"]
[Round "07"]
[TimeControl "180+1"]
[Date "2022.12.06"]
[WhiteClock "0:00:21"]
[BlackClock "0:00:18"]

1. e4 e6 2. d4 d5 3. e5 c5 4. c3 Nc6 5. Nf3 Bd7 6. Bd3 cxd4 7. cxd4 Qb6 8. Bc2 Nb4 9. O-O Nxc2 10. Qxc2 Ne7 11. Nc3 Nf5 12. Be3 Be7 13. g4 Nxe3 14. fxe3 O-O 15. Rf2 Rac8 16. Qe2 Qa6 17. Qd2 b5 18. Ne2 b4 19. Ng3 b3 20. a3 Rc2 21. Qe1 Rfc8 22. Rd1 Rxf2 23. Qxf2 Rc2 24. Rd2 Rc1+ 25. Kg2 Bb5 26. h4 Bd3 27. Ne1 Bb1 28. g5 Bd8 29. Ne2 Be4+ 30. Kh2 Ra1 31. Nc3 Ba5 32. Nxe4 dxe4 33. Re2 Bxe1 34. Rxe1 Rxe1 35. Qxe1 Qd3 36. Kg3 h5 37. gxh6 gxh6 38. Kg4 Qc2 39. Qf1 Qxb2 40. Kh5 Qxa3 41. Kxh6 Qf8+ 42. Kh5 Qg7 43. Qf6 Qxf6 44. exf6 b2 45. d5 exd5 46. Kh6 b1=Q 47. h5 a5 48. Kg5 a4 49. Kh6 a3 50. Kg5 a2 51. Kh6 a1=Q 52. Kg5 Qg1+ 53. Kf5 Qf2+ 54. Kg4 Qf3+ 55. Kg5 Qaxf6# 0-1


[Site "https://www.chess.com"]

[Event "Titled Tuesday Blitz December 06 Late 2022"]
[White "Curtis, John"]
[Black "Petrovic, Aleksa"]
[WhiteFideId "3200256"]
[BlackFideId "967629"]
[WhiteElo "2203"]
[BlackElo "2230"]
[Result "0-1"]
[Round "07"]
[TimeControl "180+1"]
[Date "2022.12.07"]
[WhiteClock "0:00:07"]
[BlackClock "0:01:18"]

1. e4 c6 2. d4 d5 3. exd5 cxd5 4. c4 Nf6 5. Nc3 e6 6. Nf3 Bb4 7. a3 Bxc3+ 8. bxc3 O-O 9. Bd3 dxc4 10. Bxc4 Qc7 11. Qd3 b6 12. O-O Bb7 13. Ne5 Nbd7 14. Nxd7 Nxd7 15. Bb3 Rac8 16. c4 Rfd8 17. Bg5 f6 18. Be3 Nc5 19. Qb1 Be4 20. Qa2 Nxb3 21. Qxb3 Qxc4 22. Qxc4 Rxc4 23. Rfc1 Rdc8 24. Rxc4 Rxc4 25. Rc1 Rxc1+ 26. Bxc1 Kf7 27. f3 Bd3 28. Bf4 Ke7 29. Bb8 a6 30. Ba7 b5 31. Kf2 Kd7 32. Ke3 Bf1 33. g3 Kc6 34. Bc5 Kd5 35. Bf8 g6 36. Bg7 f5 37. Bf8 Kc4 38. h4 a5 39. Bd6 b4 40. axb4 axb4 41. Kd2 b3 42. Ba3 Kxd4 43. Bb2+ Kd5 44. Ke3 Bg2 45. f4 Bf1 46. Be5 Kc4 47. Bb2 Kb4 48. Kd4 Bc4 49. Bc1 Bd5 50. Bb2 Ka4 51. Kc5 Ka5 52. Bc1 Ka6 53. Bb2 Kb7 54. Bc1 Kc7 55. Bb2 Kd7 56. Bc3 Ke7 57. Bb2 Kf7 58. Bc3 h6 59. Bb2 g5 60. hxg5 hxg5 61. Kd4 Kg6 62. Ke5 Kh5 63. fxg5 Kxg5 0-1


[Site "https://www.chess.com"]

[Event "Titled Tuesday Blitz December 06 Late 2022"]
[White "Dardha, Daniel"]
[Black "Bortnyk, Olexandr"]
[WhiteFideId "240990"]
[BlackFideId "14120828"]
[WhiteElo "2528"]
[BlackElo "2723"]
[Result "1-0"]
[Round "07"]
[TimeControl "180+1"]
[Date "2022.12.06"]
[WhiteClock "0:00:04"]
[BlackClock "0:00:08"]

1. d4 d6 2. Nf3 Nf6 3. c4 g6 4. Nc3 Bf5 5. h3 Bg7 6. g4 Bd7 7. e4 O-O 8. Be3 Nc6 9. Qd2 e5 10. d5 Ne7 11. Bd3 h5 12. g5 Ne8 13. O-O-O a6 14. Kb1 c5 15. Ne1 b5 16. cxb5 axb5 17. Bxb5 Bxb5 18. Nxb5 f5 19. gxf6 Nxf6 20. f3 Qd7 21. Nc3 Rfb8 22. Rg1 Qxh3 23. Qe2 Qd7 24. Nc2 Qa7 25. Bg5 Nfxd5 26. Qc4 Qb6 27. Bc1 Kh7 28. Nxd5 Nxd5 29. Qxd5 c4 30. Qe6 Qa7 31. Qxg6+ Kg8 32. a3 c3 33. Qe6+ Kh8 34. b3 d5 35. Qxd5 Qb6 36. Ka2 Rd8 37. Qc4 Rxd1 38. Rxd1 Qf2 39. Qxc3 h4 40. Rd2 Qg1 41. Bb2 h3 42. f4 Qh1 43. Rd3 Qxe4 44. Rxh3+ Kg8 45. fxe5 Qf5 46. Qc4+ Kf8 47. Qd3 Qe6 48. Rf3+ Kg8 49. Qc4 Qxc4 50. bxc4 Rc8 51. Kb3 Rb8+ 52. Nb4 Bf8 53. Bc3 Bc5 54. e6 Re8 55. Rf5 Bd6 56. c5 Bf8 57. Re5 Bg7 58. Rg5 Rxe6 59. Rxg7+ Kf8 60. Rb7 Re1 61. Bxe1 1-0


[Site "https://www.chess.com"]

[Event "Titled Tuesday Blitz December 06 Late 2022"]
[White "Dias, Joao Batista"]
[Black "Alimpic, Aleksa"]
[WhiteFideId "2108240"]
[BlackFideId "974323"]
[WhiteElo "1898"]
[BlackElo "2283"]
[Result "0-1"]
[Round "07"]
[TimeControl "180+1"]
[Date "2022.12.07"]
[WhiteClock "0:01:08"]
[BlackClock "0:00:52"]

1. e4 g6 2. d4 Bg7 3. Be3 a6 4. Bd3 b5 5. Ne2 Bb7 6. O-O d6 7. f3 Nd7 8. Nd2 c5 9. c3 Ngf6 10. Rc1 O-O 11. Bb1 e5 12. d5 Ne8 13. c4 f5 14. Bf2 Bh6 15. b3 Ng7 16. Rc3 b4 17. Rc2 a5 18. Re1 Bc8 19. Nf1 Nf6 20. Neg3 Ngh5 21. Nxh5 Nxh5 22. Ng3 Qg5 23. Nxh5 Qxh5 24. Be3 Bxe3+ 25. Rxe3 fxe4 26. Rxe4 Bf5 27. Rce2 Bxe4 28. Rxe4 Qg5 29. h4 Qh6 30. Qe1 Rf4 31. Bc2 Rxe4 32. Bxe4 a4 33. Qg3 Qc1+ 34. Kh2 Qf4 35. Qxf4 exf4 36. Bc2 axb3 37. Bxb3 Kf7 38. Kh3 h5 39. g4 fxg3 40. Kxg3 Kf6 41. Kf4 Re8 42. Kg3 Re1 43. Kf2 Rh1 44. Kg3 g5 45. hxg5+ Kxg5 46. Bc2 Rg1+ 47. Kf2 Rc1 48. Bb3 Kf4 49. Kg2 Rc3 0-1


[Site "https://www.chess.com"]

[Event "Titled Tuesday Blitz December 06 Late 2022"]
[White "Domingo Nunez, Ruben"]
[Black "Goltsev, Dmitry"]
[WhiteFideId "22245570"]
[BlackFideId "24176710"]
[WhiteElo "2406"]
[BlackElo "2327"]
[Result "1-0"]
[Round "07"]
[TimeControl "180+1"]
[Date "2022.12.06"]
[WhiteClock "0:00:03"]
[BlackClock "0:00:02"]

1. b3 Nf6 2. Bb2 g6 3. g4 Bg7 4. g5 Nh5 5. Bxg7 Nxg7 6. h4 h5 7. d4 d5 8. Nc3 Nf5 9. Nf3 c6 10. e3 Nd7 11. Qd2 Qc7 12. Bh3 e5 13. Bxf5 gxf5 14. dxe5 Nxe5 15. Nxe5 Qxe5 16. O-O-O Be6 17. Kb1 a5 18. Rhg1 Rg8 19. Ne2 a4 20. Qd4 Qd6 21. b4 b6 22. Ka1 c5 23. bxc5 bxc5 24. Qf6 a3 25. Nf4 Rb8 26. g6 Rf8 27. Rxd5 Qe7 28. Qe5 Rb2 29. gxf7+ Bxf7 30. Rxc5 Rxa2+ 31. Kb1 Rb2+ 32. Kc1 Qxe5 33. Rxe5+ Kd7 34. Rg7 Kd6 35. Ra5 Rc8 36. Ra6+ Ke5 37. Nd3+ Ke4 38. Nxb2 axb2+ 39. Kxb2 Bc4 40. Ra4 Kf3 41. Rg5 Be6 42. Rf4+ Ke2 43. Rxh5 Rb8+ 44. Kc3 Rc8+ 45. Kd4 Rxc2 46. Ke5 Bd7 47. Rhxf5 Rc1 48. Rf7 Bb5 49. Rg7 Bd3 50. Rg3 Ra1 51. Kf6 Ra6+ 52. Kg7 Ra7+ 53. Kf6 Ra6+ 54. Kg5 Rg6+ 55. Kh5 Ra6 56. Rg5 Kf1 57. Kg4 Ke2 58. h5 Ra1 59. h6 Rg1+ 60. Kh5 Rh1+ 61. Rh4 Ra1 62. Rg7 Ra5+ 63. Kg4 Ra1 64. Kg5 Ra5+ 65. Kf6 1-0


[Site "https://www.chess.com"]

[Event "Titled Tuesday Blitz December 06 Late 2022"]
[White "Droin, Augustin"]
[Black "Timmermans, Mark"]
[WhiteFideId "45105987"]
[BlackFideId "1026399"]
[WhiteElo "2316"]
[BlackElo "2460"]
[Result "0-1"]
[Round "07"]
[TimeControl "180+1"]
[Date "2022.12.06"]
[WhiteClock "0:02:43"]
[BlackClock "0:02:49"]

1. e4 e5 2. Nf3 Nc6 3. Bc4 Nf6 4. d3 Be7 5. a4 O-O 6. Nc3 d6 7. h3 Kh8 8. g4 Be6 9. Be3 d5 10. exd5 Nxd5 11. Nxd5 Bxd5 12. Bxd5 Qxd5 13. Qe2 f5 0-1


[Site "https://www.chess.com"]

[Event "Titled Tuesday Blitz December 06 Late 2022"]
[White "Drozdowski, Kacper"]
[Black "Paravyan, David"]
[WhiteFideId "1136720"]
[BlackFideId "4194985"]
[WhiteElo "2486"]
[BlackElo "2551"]
[Result "1/2-1/2"]
[Round "07"]
[TimeControl "180+1"]
[Date "2022.12.06"]
[WhiteClock "0:00:06"]
[BlackClock "0:00:05"]

1. e4 e5 2. Nf3 Nf6 3. Nxe5 d6 4. Nf3 Nxe4 5. d4 d5 6. Bd3 Bd6 7. O-O O-O 8. c4 c6 9. Nc3 Nxc3 10. bxc3 dxc4 11. Bxc4 Bg4 12. h3 Bh5 13. Re1 Nd7 14. Bd3 h6 15. a4 Qa5 16. Bd2 Rae8 17. Rxe8 Rxe8 18. g4 Bg6 19. Bxg6 fxg6 20. c4 Qc7 21. Qb3 Kh7 22. Qd3 Nf6 23. Re1 Rxe1+ 24. Bxe1 Qe7 25. Kf1 Bc7 26. Bd2 Qe6 27. Be3 a6 28. Kg2 b5 29. axb5 axb5 30. cxb5 cxb5 31. Qxb5 Qe4 32. Qe2 Nd5 33. Kf1 Ba5 34. Bd2 Qb1+ 35. Kg2 Bxd2 36. Qxd2 g5 37. Ne1 Nf4+ 38. Kh2 Qe4 39. Qe3 Qd5 40. Qd2 Kh8 41. Qc2 Qd6 42. Qc8+ Kh7 43. Qc2+ Kg8 44. Qc8+ Kf7 45. Qf5+ Kg8 46. Qc8+ Kh7 47. Qc2+ Ng6+ 48. Kg1 Qxd4 49. Ng2 Qa1+ 50. Kh2 Qe5+ 51. Kg1 Qa1+ 52. Kh2 Qf6 53. Ne3 Kh8 54. Qc8+ Kh7 55. Qf5 Qd6+ 56. Kg1 Kg8 57. Qc8+ Nf8 58. Qc2 Ne6 59. Nf5 Qd7 60. Qc4 Kh8 61. Qe4 Nf4 62. Kh2 Qc7 63. Qe8+ Kh7 64. Qe7 Qxe7 65. Nxe7 g6 66. Nc6 Kg7 67. Ne5 Kf6 68. Nf3 Ke6 69. Kg3 Kd5 70. h4 Ne2+ 71. Kg2 Nf4+ 72. Kg3 Ne6 73. hxg5 hxg5 74. Ng1 Ke4 75. Nf3 Kd5 76. Ng1 Nd4 77. Nh3 Ne6 78. f4 Ke4 79. Nxg5+ Nxg5 80. fxg5 Ke3 81. Kg2 Kf4 82. Kh3 Kf3 83. Kh4 Kg2 1/2-1/2


[Site "https://www.chess.com"]

[Event "Titled Tuesday Blitz December 06 Late 2022"]
[White "Espinosa, Pedro"]
[Black "Seletsky, Grigory"]
[WhiteFideId "30921066"]
[BlackFideId "14112191"]
[WhiteElo "2016"]
[BlackElo "2492"]
[Result "1-0"]
[Round "07"]
[TimeControl "180+1"]
[Date "2022.12.07"]
[WhiteClock "0:01:05"]
[BlackClock "0:00:48"]

1. d4 d6 2. c4 e5 3. Nf3 Nc6 4. Nc3 Nf6 5. e4 Bg4 6. d5 Nd4 7. Be3 c5 8. dxc6 Nxc6 9. Be2 Be7 10. O-O O-O 11. h3 Bh5 12. Nd2 Bg6 13. Bd3 Ne8 14. a3 Bg5 15. Bxg5 Qxg5 16. Nf3 Qd8 17. Nd5 Nc7 18. b4 Bh5 19. Be2 Bxf3 20. Bxf3 Nd4 21. g3 Nxd5 22. cxd5 Rc8 23. Bg2 Rc3 24. Kh2 Qg5 25. Qa4 a6 26. Qd7 Qg6 27. Rac1 Rxa3 28. Rc8 f5 29. Rxf8+ Kxf8 30. Rc1 1-0


[Site "https://www.chess.com"]